 Dungeon Crawl Stone Soup version 0.30-a0-702-gdf48620a09 (webtiles) character file.

Game seed: 5513969168302225979

26 Bnni the Vexing (level 3, -21/26 HPs)
             Began as a Formicid Hexslinger on Jan 21, 2023.
             Killed by an exploding gnoll (47 damage)
             ... ignited by their inner flame
             ... on level 2 of the Dungeon.
             The game lasted 00:01:41 (1394 turns).

Bnni the Vexing (Formicid Hexslinger)               Turns: 1394, Time: 00:01:41

Health: -21/26     AC:  2    Str: 14    XL:     3   Next: 22%
Magic:  2/5        EV: 12    Int: 14    God:
Gold:   39         SH:  0    Dex: 14    Spells: 0/4 levels left

rFire   . . .      SeeInvis +    a - +1 sling
rCold   . . .      Faith    .    (no shield)
rNeg    . . .      Spirit   .    c - +0 robe
rPois   .          Reflect  .    (helmet unavailable)
rElec   .          Harm     .    (no cloak)
rCorr   .          Rampage  .    (no gloves)
Will    .....                    (no boots)
Stlth   +                        (no amulet)
HPRegen 0.24/turn                (no ring)
MPRegen 0.09/turn                (no ring)

@: no status effects
A: permanent stasis, dig shafts and tunnels, antennae 3, four strong arms
a: Dig, Shaft Self


You were on level 2 of the Dungeon.
You visited 1 branch of the dungeon, and saw 2 of its levels.

You collected 39 gold pieces.

Inventory:

Hand Weapons
 a - a +1 sling (weapon)
Missiles
 i - 2 poisoned darts
Armour
 c - a +0 robe (worn)
Scrolls
 b - a scroll of poison
 d - 2 scrolls of vulnerability {unknown}
 e - a scroll of teleportation {unknown}
 f - a scroll of enchant weapon {unknown}
 g - 3 scrolls of identify {unknown}
 l - a scroll of immolation
Potions
 h - a potion of berserk rage {unknown}
 j - a potion of curing {unknown}
 k - a potion of cancellation {unknown}


   Skills:
 + Level 1.4 Fighting
 * Level 2.4 Ranged Weapons
 - Level 1.7 Dodging
 + Level 1.4 Spellcasting
 * Level 4.0 Hexes
 * Level 1.0 Fire Magic


You couldn't memorise any spells.
You knew the following spells:

 Your Spells              Type           Power      Damage    Failure   Level
a - Slow                  Hex            48%        N/A       4%          1
b - Inner Flame           Hex/Fire       8%         N/A       26%         3

Your spell library contained the following spells:

 Spells                   Type           Power      Damage    Failure   Level
 Portal Projectile        Hex/Tloc       12%        N/A       32%         3
 Cause Fear               Hex            6%         N/A       43%         4


Dungeon Overview and Level Annotations

Branches:
Dungeon (2/15)

Altars:


Innate Abilities, Weirdness & Mutations

You cannot be hasted, slowed, berserked, paralysed or teleported.
You can dig through walls and to a lower floor.
You have a pair of large antennae on your head. (SInv)
Your four strong arms can wield two-handed weapons with a shield.


Message History

A gnoll comes into view. It is wielding a +0 spear.
The frilled lizard hisses angrily.
There are monsters nearby!
You shoot a sling bullet. The sling bullet hits the gnoll!
The gnoll is heavily wounded.
Cast which spell? (? or * to list)
The spell is extremely dangerous to miscast (26% risk of failure)!
Continue anyway? [Y]es or [N]o only, please.
The spell is extremely dangerous to miscast (26% risk of failure)!
Continue anyway? [Y]es or [N]o only, please.
The spell is extremely dangerous to miscast (26% risk of failure)!
Continue anyway?
Aiming: Inner Flame (extremely dangerous; 26% risk of failure)
Press: ? - help, Dir - move target, f/p - gnoll
Aim: a gnoll, wielding a +0 whip (heavily wounded, chance to affect: 64%)
The gnoll is filled with an inner flame.
The gnoll closely misses you.
Fire: a) +1 sling
Press: ? - help, Shift-Dir - straight line, f/p - gnoll
Aim: a gnoll, wielding a +0 whip (heavily wounded, inner flame, 61% to hit)
You shoot a sling bullet.
The sling bullet hits the gnoll but does no damage.
The gnoll completely misses you.
Fire: a) +1 sling
Press: ? - help, Shift-Dir - straight line, f/p - gnoll
Aim: a gnoll, wielding a +0 whip (heavily wounded, inner flame, 61% to hit)
You shoot a sling bullet.
The sling bullet barely misses the gnoll.
The sling bullet hits the gnoll.
The gnoll is moderately wounded.
The gnoll barely misses you.
Fire: a) +1 sling
Press: ? - help, Shift-Dir - straight line, f/p - gnoll
Aim: a gnoll, wielding a +0 whip (heavily wounded, inner flame, 61% to hit)
You shoot a sling bullet. The sling bullet hits the gnoll.
The gnoll explodes!
The fiery explosion engulfs the gnoll!!
You kill the gnoll!
The fiery explosion engulfs you!!!
Ouch! That really hurt!
You die...

###################.#
#....................
#.#####..####.#####.#
####..###...##
#.....##.....# #
#.##.####...##
#.##.##.# ##.##
#.......# #.#
####.#### #@#
#######.### #)#
#.........#


§gg #.#####.#.# .l... #.# ..#.# ....... #.###...# # ......... .........
'.........' #.###...# ##)........## #........ You could see 2 gnolls and a
frilled lizard.

Vanquished Creatures
  2 gnolls (D:2)
  An adder (D:2)
  4 ball pythons
  3 endoplasms
  A giant cockroach (D:1)
  A hobgoblin (D:2)
  A kobold (D:1)
  A bat (D:2)
  2 goblins
  A rat (D:2)
17 creatures vanquished.

Notes
Turn   | Place    | Note
-------+----------+-------------------------------------------
     0 | D:1      | Bnni the Formicid Hexslinger began the quest for the Orb.
     0 | D:1      | Reached XP level 1. HP: 15/15 MP: 2/2
   375 | D:1      | Reached XP level 2. HP: 21/21 MP: 3/3
  1212 | D:2      | Reached skill level 4 in Hexes
  1212 | D:2      | Reached skill level 1 in Fire Magic
  1212 | D:2      | Reached XP level 3. HP: 18/26 MP: 5/5
  1216 | D:2      | Learned a level 3 spell: Inner Flame
  1282 | D:2      | Found a faded altar of an unknown god.
  1394 | D:2      | Killed by an exploding gnoll... ignited by their inner
                  | flame

Illustrated notes

Levels and vault maps discovered:
D:1:      minmay_arrival_four_houses, layout_basic, serial_bayou,
          serial_bayou_pond_c, serial_bayou_pond_d, serial_bayou_pond_d,
          serial_bayou_crossing, serial_bayou_lagoon_a, serial_bayou_shore_b
D:2:      layout_loops_corners, hellmonk_ecumenical_altar_blasted

Skill      XL: |  1  2 |
---------------+-------+-----
Hexes          | 4 |  4.0
Fire Magic     | 1 |  1.0
Fighting       | |  1.4
Ranged Weapons | |  2.4
Dodging        | |  1.7
Spellcasting   | |  1.4

Action                   || total
-------------------------++-------
 Fire: Sling             ||    74
 Cast: Inner Flame       ||     1
Armor: Robe              ||     4
Dodge: Dodged            ||    32

Table legend: (Time is in decaauts)
 A = Elapsed time spent in this place.
 B = Non-inter-level travel time spent in this place.
 C = Inter-level travel time spent in this place.
 D = Time resting spent in this place.
 E = Time spent auto-exploring this place.
 F = Levels seen in this place.
 G = Mean time per level.
                   A        B        C        D        E       F      G
               +--------+--------+--------+--------+--------+-----+--------+
         Total |   1440 |   1423 |     17 |      0 |   1266 |   2 |  720.0 |
       Dungeon |   1440 |   1423 |     17 |      0 |   1266 |   2 |  720.0 |
               +--------+--------+--------+--------+--------+-----+--------+

Top non-repeatable levels by time:
     D:1: 1221 daAuts
     D:2: 219 daAuts
